 Dungeon Crawl Stone Soup version 0.31-a0-188-g5e087ee2ca (webtiles) character file.

Game seed: 13165705247126364097

213 qw the Skirmisher (level 5, -1/29 HPs)
             Began as a Deep Elf Hunter on June 23, 2023.
             Slain by a gnoll
             ... wielding a +0 spear
              (3 damage)
             ... on level 3 of the Dungeon.
             The game lasted 00:00:53 (1923 turns).

qw the Skirmisher (Deep Elf Hunter)                 Turns: 1923, Time: 00:00:54

Health: -1/29      AC:  6    Str: 10    XL:     5   Next: 59%
Magic:  7/7        EV: 12    Int: 14    God:
Gold:   141        SH:  0    Dex: 18    Spells: 4/4 levels left

rFire   . . .        Y - +0 shortbow
rCold   . . .        (shield currently unavailable)
rNeg    . . .        j - +3 leather armour
rPois   .            (no helmet)
rElec   .            (no cloak)
rCorr   .            (no gloves)
SInv    +            (no boots)
Will    .....        (no amulet)
Stlth   ++           c - ring of see invisible
HPRegen 0.24/turn    (no ring)
MPRegen 0.10/turn

%: no passive effects
@: no status effects
A: no striking features
a: no special abilities


You were on level 3 of the Dungeon.
You visited 1 branch of the dungeon, and saw 3 of its levels.

You collected 141 gold pieces.


   Skills:
 - Level 1.5 Fighting
 - Level 9.0 Ranged Weapons
 + Level 2.9 Dodging
 - Level 1.2 Stealth


You had 4 spell levels left.
You didn't know any spells.
Your spell library was empty.

Inventory:

Hand Weapons
 Y - a +0 shortbow (weapon)
Armour
 j - a +3 leather armour (worn)
Jewellery
 c - a ring of see invisible (left hand)
Scrolls
 f - a scroll of enchant armour {unknown}
 g - a scroll of identify
Potions
 a - 2 potions of degeneration {unknown}
 b - a potion of might {unknown}
 d - a potion of invisibility {unknown}
 e - a potion of haste {unknown}
 l - 3 potions of curing

Dungeon Overview and Level Annotations

Branches:
Dungeon (3/15)

Altars:
Makhleb
Sif Muna
Vehumet


Message History

You struggle against the net.
You tear a large gash into the net.
You rip the net and break free!
You shoot an arrow. The gnoll shouts!
The arrow hits the gnoll!
The gnoll is severely wounded.
The gnoll closely misses you. The gnoll barely misses you.
You shoot an arrow. The arrow closely misses the gnoll.
The gnoll hits you with a +0 flail.
The gnoll hits you with a +2 flail of holy wrath!
The gnoll misses you.
You shoot an arrow.
The arrow hits the gnoll but does no damage.
The gnoll is severely wounded.
The gnoll hits you with a +0 flail. The gnoll misses you.
The gnoll hits you from afar with a +0 spear.
You shoot an arrow. The arrow hits the gnoll.
You kill the gnoll!
The gnoll misses you.
The gnoll hits you from afar with a +0 spear.
You shoot an arrow. The arrow hits the gnoll!
The gnoll is severely wounded.
The gnoll hits you but does no damage. The gnoll closely misses you.
You shoot an arrow. The arrow hits the gnoll!
You kill the gnoll!
The gnoll hits you from afar with a +0 spear.
You shoot an arrow.
The arrow hits the gnoll but does no damage.
The gnoll hits you but does no damage. The gnoll hits you with a +0 whip.
You shoot an arrow. The arrow barely misses the gnoll.
The gnoll hits you from afar with a +0 spear.
The gnoll misses you.
You shoot an arrow.
The arrow hits the gnoll but does no damage.
The gnoll closely misses you. The gnoll hits you but does no damage.
You shoot an arrow. The arrow hits the gnoll.
The gnoll is heavily wounded.
The gnoll hits you from afar with a +0 spear.
You die...

........## .........###
...........# ...........#
.......$...#......#
......g....#......# #
....>.)g...#......# ~
####...@...+......+ ..
........####......# ~#
#####...####..(...####~#
######......#......#.~~~#
#....................~~##
#......#.#####..###...#~~
#......#.# #...####.~8~
########.# ##..####.###
#........# #......~~~.


You could see 2 gnolls.

Vanquished Creatures
  A crimson imp (D:3)
  A jelly (D:3)
  5 gnolls
  3 adders
  A white imp (D:3)
  A worm (D:2)
  2 dart slugs
  3 orcs (D:3)
  7 bats
  6 endoplasms
  2 giant cockroaches (D:1)
  6 hobgoblins
  3 jackals (D:1)
  3 quokkas (D:3)
  4 ball pythons
  A frilled lizard (D:1)
  7 goblins
  A kobold (D:3)
  3 rats
  A spectral hobgoblin (D:3)
61 creatures vanquished.

Notes
Turn   | Place    | Note
-------+----------+-------------------------------------------
     0 | D:1      | qw the Deep Elf Hunter began the quest for the Orb.
     0 | D:1      | Reached XP level 1. HP: 12/12 MP: 3/3
     0 | D:1      | 0 ||| qw: Version: 0.3-a-9-g12657ce
     0 | D:1      | 0 ||| qw: Game counter: 4152
     0 | D:1      | 0 ||| qw: Always use a shield: true
     0 | D:1      | 0 ||| qw: God list: Okawaru
     0 | D:1      | 0 ||| qw: Allow faded altars: false
     0 | D:1      | 0 ||| qw: Do Orc after D:15 true
     0 | D:1      | 0 ||| qw: Do second Lair branch before Depths: true
     0 | D:1      | 0 ||| qw: Lair rune preference: random
     0 | D:1      | 0 ||| qw: Plans: Normal
     0 | D:1      | 0 ||| PLANNING D:1-11
   110 | D:1      | Reached skill level 6 in Ranged Weapons
   110 | D:1      | Reached XP level 2. HP: 16/16 MP: 4/4
   216 | D:1      | 216 ||| FLEEEEING.
   217 | D:1      | 217 ||| FLEEEEING.
   218 | D:1      | 218 ||| FLEEEEING.
   219 | D:1      | 219 ||| FLEEEEING.
   220 | D:1      | 220 ||| FLEEEEING.
   221 | D:1      | 221 ||| FLEEEEING.
   222 | D:1      | 222 ||| FLEEEEING.
   223 | D:1      | 223 ||| FLEEEEING.
   224 | D:1      | 224 ||| FLEEEEING.
   225 | D:1      | 225 ||| FLEEEEING.
   226 | D:1      | 226 ||| FLEEEEING.
   227 | D:1      | 227 ||| FLEEEEING.
   228 | D:1      | 228 ||| FLEEEEING.
   229 | D:1      | 229 ||| FLEEEEING.
   230 | D:1      | 230 ||| FLEEEEING.
   231 | D:1      | 231 ||| FLEEEEING.
   232 | D:1      | 232 ||| FLEEEEING.
   233 | D:1      | 233 ||| FLEEEEING.
   234 | D:1      | 234 ||| FLEEEEING.
   470 | D:1      | Reached XP level 3. HP: 20/20 MP: 5/5
   650 | D:1      | 650 ||| UPGRADING to +3 leather armour.
   660 | D:1      | 660 ||| DROPPING +0 leather armour.
   661 | D:1      | 661 ||| READING scroll labelled UMOANI BADA.
   662 | D:1      | 662 ||| READING scroll labelled BATHRU RAAQA.
   663 | D:1      | 663 ||| READING scroll labelled OSKETHR KOXY.
   664 | D:1      | 664 ||| READING scroll labelled XAUR AKAUGUA.
   665 | D:1      | 665 ||| READING scroll labelled SES DIHUOG.
   704 | D:1      | 704 ||| READING scroll labelled CIFEGHACIT.
   705 | D:1      | 705 ||| DRINKING 2 lumpy red potions.
   706 | D:1      | 706 ||| DROPPING scroll of butterflies.
   851 | D:2      | Reached skill level 7 in Ranged Weapons
   922 | D:2      | Reached XP level 4. HP: 25/25 MP: 6/6
  1288 | D:2      | 1288 ||| UPGRADING to ring of see invisible.
  1375 | D:3      | Found a burning altar of Makhleb.
  1375 | D:3      | Found a radiant altar of Vehumet.
  1386 | D:3      | Reached skill level 8 in Ranged Weapons
  1430 | D:3      | Reached XP level 5. HP: 29/29 MP: 7/7
  1586 | D:3      | Found a faded altar of an unknown god.
  1743 | D:3      | Found a shimmering blue altar of Sif Muna.
  1758 | D:3      | Reached skill level 9 in Ranged Weapons
  1917 | D:3      | HP: 4/29 [gnoll/+0 spear (6)]
  1923 | D:3      | Slain by a gnoll

Levels and vault maps discovered:
D:1:      nzn_arrival_crosshair, layout_basic
D:2:      layout_basic
D:3:      layout_basic, nicolae_sif_muna_condensation,
          grunt_temple_overflow_lords_of_destruction,
          dreamdust_ecumenical_altar_drowned_temple, kennysheep_generic_room_3

Skill      XL: |  1  2  3  4  5 |
---------------+----------------+-----
Ranged Weapons | 6 7 8 9 |  9.0
Fighting       | |  1.5
Dodging        | |  2.9
Stealth        | |  1.2

Action                     |  1- 3 |  4- 6 || total
---------------------------+-------+-------++-------
   Fire: Shortbow          |   107 |   100 ||   207
    Use: Scroll            |     6 |       ||     6
         Potion            |     1 |       ||     1
 Armour: Leather armour    |    12 |    10 ||    22
  Dodge: Dodged            |    30 |    14 ||    44

Table legend:
 A = Non-vault XP
 B = Vault XP
 C = Vault XP percentage of total XP
 D = Non-vault monster count
 E = Vault monster count
 F = Vault count percentage of total count
                 A         B        C        D         E       F
            +---------+---------+-------+---------+---------+-------
      Total |     254 |      51 |  16.7 |      59 |       2 |   3.3
            +---------+---------+-------+---------+---------+-------
        D:1 |      46 |       0 |   0.0 |      26 |       0 |   0.0
        D:2 |      72 |       0 |   0.0 |      13 |       0 |   0.0
        D:3 |     136 |      51 |  27.3 |      20 |       2 |   9.1
            +---------+---------+-------+---------+---------+-------
